 Dungeon Crawl Stone Soup version 0.27-a0-1066-g29160eaed2 (webtiles) character file.

Game seed: 16196344442641832554

55 LordDeathwing the Skirmisher (level 3, -4/33 HPs)
             Began as a Hill Orc Fighter on Apr 24, 2021.
             Was an Initiate of Okawaru.
             Slain by a wyvern (6 damage)
             ... on level 3 of the Dungeon.
             The game lasted 00:03:35 (1768 turns).

LordDeathwing the Skirmisher (Hill Orc Fighter)     Turns: 1768, Time: 00:03:36

Health: -4/33      AC:  7    Str: 19    XL:     3   Next: 93%
Magic:  3/3        EV:  7    Int:  8    God:    Okawaru [......]
Gold:   61         SH:  9    Dex: 10    Spells: 2/2 levels left

rFire    . . .     SeeInvis .   a - +0 war axe
rCold    . . .     Faith    .   c - +0 kite shield
rNeg     . . .     Spirit   .   b - +0 scale mail
rPois    .         Reflect  .   (no helmet)
rElec    .         Harm     .   (no cloak)
rCorr    .         Rampage  .   (no gloves)
Will     .....                  (no boots)
Stlth    ..........             (no amulet)
HPRegen  0.11/turn              (no ring)
MPRegen  0.08/turn              (no ring)

@: no status effects
A: no striking features
a: Renounce Religion


You were on level 3 of the Dungeon.
You worshipped Okawaru.
Okawaru was noncommittal.
You visited 1 branch of the dungeon, and saw 3 of its levels.

You collected 61 gold pieces.

Inventory:

Hand Weapons
 a - a +0 war axe (weapon)
Armour
 b - a +0 scale mail (worn)
 c - a +0 kite shield (worn)
Jewellery
 e - a +6 ring of intelligence
Scrolls
 f - 2 scrolls of noise {unknown}
 g - a scroll of fear {unknown}
 h - 2 scrolls of teleportation {unknown}
 j - a scroll of identify {unknown}
 k - a scroll of enchant armour {unknown}
Potions
 d - a potion of might
 i - a potion of heal wounds {unknown}


   Skills:
 + Level 4.1 Fighting
 * Level 4.0 Axes
 + Level 3.7 Armour
 + Level 3.7 Shields


You had 2 spell levels left.
You didn't know any spells.
Your spell library was empty.

Dungeon Overview and Level Annotations

Branches:
Dungeon (3/15)

Altars:
Okawaru
Yredelemnul


Message History

You closely miss the quokka.
The quokka is moderately wounded.
The quokka bites you but does no damage.
You block the quokka's attack.
You closely miss the quokka.
The quokka is moderately wounded.
The quokka bites you but does no damage.
The quokka barely misses you.
Your shield prevents you from hitting the quokka.
The quokka is moderately wounded.
The quokka twitches its whiskers.
The quokka barely misses you. The quokka bites you.
You hit the quokka.
The quokka is heavily wounded.
The quokka barely misses you. You block the quokka's attack.
You closely miss the quokka.
The quokka is heavily wounded.
You block the quokka's attack.
The quokka bites you but does no damage.
You hit the quokka.
You kill the quokka!
Okawaru accepts your kill.
Your Axes skill increases to level 4!
f - 2 scrolls labelled TURCHI XAJICIZ (gained 1)
You now have 61 gold pieces (gained 6).
A wyvern comes into view.
The wyvern hisses angrily.
You slash the wyvern!
The wyvern is heavily wounded.
The wyvern bites you. The wyvern bites you!
The wyvern bites you but does no damage.
You barely miss the wyvern.
The wyvern is heavily wounded.
The wyvern bites you! You block the wyvern's attack. The wyvern bites you!
* * * LOW HITPOINT WARNING * * *
You closely miss the wyvern.
The wyvern is heavily wounded.
The wyvern bites you.
You die...

## ## #.. .. #.#
#. #.# . #.# .# .#
P #.##.#.# ######P
#......## #...†.P
#.l.(...# #......
#@##.##.# #.<...P
#.# ....# ##.....P
#.####..# #..[...P
#.......###.##.##.
######........#.#.
#..###..###.. #..#
#..# #. #... .....
# #..#######.


You could see a wyvern.

Vanquished Creatures
  An adder (D:2)
  A worm (D:2)
  2 dart slugs (D:1)
  5 ball pythons (D:1)
  2 endoplasms (D:1)
  2 giant cockroaches
  3 goblins
  A hobgoblin (D:2)
  3 jackals (D:1)
  A quokka (D:3)
  3 bats (D:2)
  7 kobolds
  6 rats
37 creatures vanquished.

Notes
Turn   | Place    | Note
-------+----------+-------------------------------------------
     0 | D:1      | LordDeathwing the Hill Orc Fighter began the quest for the
                  | Orb.
     0 | D:1      | Reached XP level 1. HP: 19/19 MP: 1/1
    44 | D:1      | Reached XP level 2. HP: 19/27 MP: 2/2
   451 | D:1      | Found a faded altar of an unknown god.
   465 | D:1      | Reached XP level 3. HP: 20/33 MP: 3/3
  1475 | D:2      | Found an iron altar of Okawaru.
  1480 | D:2      | Became a worshipper of Warmaster Okawaru
  1732 | D:3      | Found a basalt altar of Yredelemnul.
  1762 | D:3      | Noticed a wyvern
  1768 | D:3      | Slain by a wyvern

Illustrated notes

Levels and vault maps discovered:
D:1:      ncdulo_halloftheorcs, layout_basic, ebering_ecumenical_altar_mist,
          corexii_item_surrounded_by_moat
D:2:      layout_loops_corners, basic_altar, minmay_misc_feat_columns,
          minmay_misc_feat_five
D:3:      layout_loops_cross, lemuel_doored_altar, minmay_splitting_lines,
          corexii_leaking_fountain, grunt_ministairs_6, minmay_hedge_maze

Skill      XL: |  1  2  3 |
---------------+----------+-----
Axes           | 3 4 |  4.0
Fighting       | 4 |  4.1
Armour         | |  3.7
Shields        | |  3.7

Action                   || total
-------------------------++-------
Melee: War axe           ||   112
Armor: Scale mail        ||    52
Dodge: Dodged            ||    30
Block: Kite shield       ||    69

Table legend: (Time is in decaauts)
 A = Elapsed time spent in this place.
 B = Non-inter-level travel time spent in this place.
 C = Inter-level travel time spent in this place.
 D = Time resting spent in this place.
 E = Time spent auto-exploring this place.
 F = Levels seen in this place.
 G = Mean time per level.
                   A        B        C        D        E       F      G
               +--------+--------+--------+--------+--------+-----+--------+
         Total |   1828 |   1773 |     55 |    137 |   1300 |   3 |  609.3 |
       Dungeon |   1828 |   1773 |     55 |    137 |   1300 |   3 |  609.3 |
               +--------+--------+--------+--------+--------+-----+--------+

Top non-repeatable levels by time:
     D:2: 994 daAuts
     D:1: 777 daAuts
     D:3: 55 daAuts
